 Dungeon Crawl Stone Soup version 0.30.1-11-g7821555f0a (webtiles) character file.

Game seed: 6981614219578330771

103 Martska the Ducker (level 5, -1/38 (40) HPs)
             Began as a Human Gladiator on Dec 1, 2023.
             Slain by Crazy Yiuf
             ... wielding a +4 quarterstaff of chaos
              (4 damage)
             ... on level 2 of the Dungeon.
             The game lasted 00:02:52 (1932 turns).

Martska the Ducker (Human Gladiator)                Turns: 1932, Time: 00:02:52

HP:   -1/38 (40)    AC:  5    Str: 16    XL:     5   Next: 6%
MP:   5/5           EV: 11    Int:  9    God:
Gold: 107           SH: 10    Dex: 14    Spells: 4/4 levels left

rFire   . . .        e - +0 spear
rCold   . . .        f - +2 kite shield
rNeg    . . .        a - +0 leather armour
rPois   .            b - +0 helmet
rElec   .            j - +0 cloak
rCorr   .            (no gloves)
SInv    .            (no boots)
Will    .....        (no amulet)
Stlth   ++           (no ring)
HPRegen 0.26/turn    (no ring)
MPRegen 0.09/turn

%: no passive effects
@: drained
A: no striking features
a: no special abilities


You were on level 2 of the Dungeon.
You visited 1 branch of the dungeon, and saw 2 of its levels.

You collected 107 gold pieces.

Inventory:

Hand Weapons
 e - a +0 spear (weapon)
Missiles
 c - 3 throwing nets (quivered)
 d - a javelin
Armour
 a - a +0 leather armour (worn)
 b - a +0 helmet (worn)
 f - a +2 kite shield (worn)
 j - a +0 cloak (worn)
Scrolls
 g - 2 scrolls of vulnerability
 k - a scroll of fog {unknown}
 l - a scroll of noise {unknown}
 m - a scroll of magic mapping {unknown}
 n - a scroll of blinking {unknown}
 o - 2 scrolls of teleportation
Potions
 i - 2 potions of cancellation
 p - a potion of degeneration {unknown}


   Skills:
 * Level 2.8 Fighting
 * Level 1.5 Polearms
 - Level 2.0 Throwing
 * Level 3.5 Dodging
 * Level 1.9 Stealth
 * Level 1.5 Shields
 - Level 3.0 Unarmed Combat


You had 4 spell levels left.
You didn't know any spells.
Your spell library contained the following spells:

 Spells                   Type           Power      Damage    Failure   Level
 Beastly Appendage        Tmut           0%         N/A       85%         1
 Wereblood                Tmut           0%         N/A       94%         2
 Ignite Poison            Fire/Tmut/Pois 0%         N/A       99%         3
 Spider Form              Tmut/Pois      0%         N/A       99%         3
 Sticky Flame             Conj/Fire      0%         2d3       100%        4
 Ignition                 Fire           0%         3d3       100%        8


Dungeon Overview and Level Annotations

Branches:
Dungeon (2/15)

Altars:

Annotations:
D:2 Crazy Yiuf


Message History

You closely miss Crazy Yiuf.
Crazy Yiuf is lightly wounded.
Crazy Yiuf sings, "Trees, trees, trees, circus!"
Crazy Yiuf misses you.
You barely miss Crazy Yiuf.
Crazy Yiuf is lightly wounded.
You block Crazy Yiuf's attack.
You hit Crazy Yiuf.
Crazy Yiuf is moderately wounded.
You block Crazy Yiuf's attack. x2
You hit Crazy Yiuf but do no damage.
Crazy Yiuf is moderately wounded.
Crazy Yiuf misses you.
You barely miss Crazy Yiuf.
Crazy Yiuf is moderately wounded.
Crazy Yiuf says, "Shadow!"
You block Crazy Yiuf's attack.
You closely miss Crazy Yiuf.
Crazy Yiuf is moderately wounded.
Crazy Yiuf grits, "Fire bush Xom!"
Crazy Yiuf hits you with a +4 quarterstaff of chaos!
You are confused.
You bump into the rock wall.
Crazy Yiuf closely misses you.
You bump into the rock wall.
Crazy Yiuf closely misses you.
You barely miss Crazy Yiuf.
Crazy Yiuf is lightly wounded.
Crazy Yiuf hits you with a +4 quarterstaff of chaos.
Crazy Yiuf burns you.
You're too confused to move!
Crazy Yiuf hits you with a +4 quarterstaff of chaos.
You hit Crazy Yiuf but do no damage.
Crazy Yiuf is lightly wounded.
You feel less confused. Crazy Yiuf closely misses you.
You block Crazy Yiuf's attack.
You barely miss Crazy Yiuf.
Crazy Yiuf is lightly wounded.
Crazy Yiuf hits you with a +4 quarterstaff of chaos!
* * * LOW HITPOINT WARNING * * *
You feel drained.
You die...

...).#
#.#.........#.#
####### .....#
#.###########.#
#...... .....# #.#
#.# #...... .....#
#.# ##### #.##
#...... .....# #.#
#..)# #[.# ####.##
.....# #.# #...#
#..# #.#
....†#####.# ...
#..## #.#
#####).....# #g#
#...# #.## #......#
##@# #.#.### #...
#####......# #.##
#.....# #.##
........##'# ##.#
#.....###.#
.......)##.# #.##
#.........#
........##.# ##.##
#...####..#
........##.# #...##
#...# #..#
##########.# #....#
#...#####.##
.#.........# ##..##
#...#....<).
.#########.#
#....####....####...


You could see Crazy Yiuf.

Vanquished Creatures
  Terence (D:2)
  Jessica (D:2)
  An adder (D:2)
  A worm (D:2)
  9 endoplasms
  A giant cockroach (D:1)
  2 hobgoblins (D:2)
  5 jackals (D:2)
  3 kobolds
  2 quokkas (D:1)
  A ball python (D:1)
  A bat (D:1)
  A frilled lizard (D:1)
  2 goblins
  5 rats
36 creatures vanquished.

Notes
Turn   | Place    | Note
-------+----------+-------------------------------------------
     0 | D:1      | Martska the Human Gladiator began the quest for the Orb.
     0 | D:1      | Reached XP level 1. HP: 16/16 MP: 1/1
   142 | D:1      | Reached XP level 2. HP: 12/22 MP: 2/2
   219 | D:1      | Found a faded altar of an unknown god.
   938 | D:2      | Reached skill level 1 in Stealth
   986 | D:2      | Reached XP level 3. HP: 22/27 MP: 3/3
  1125 | D:2      | Noticed Terence
  1158 | D:2      | Killed Terence
  1159 | D:2      | Reached skill level 1 in Polearms
  1159 | D:2      | Reached skill level 1 in Shields
  1159 | D:2      | Reached XP level 4. HP: 6/34 MP: 4/4
  1488 | D:2      | Found a runed translucent door.
  1489 | D:2      | Noticed Crazy Yiuf
  1616 | D:2      | Noticed Jessica
  1624 | D:2      | Killed Jessica
  1770 | D:2      | Reached XP level 5. HP: 33/40 MP: 5/5
  1932 | D:2      | Slain by Crazy Yiuf

Illustrated notes

Levels and vault maps discovered:
D:1:      eino_arrival_cavern_d, layout_loops_ring, basic_ecumenical_altar
D:2:      layout_basic, uniq_jessica, uniq_crazy_yiuf_cottage, uniq_terence

Skill      XL: |  1  2  3 |
---------------+----------+-----
Stealth        | 1 |  1.9
Polearms       | 1 |  1.5
Shields        | 1 |  1.5
Fighting       | |  2.8
Throwing       | |  2.0
Dodging        | |  3.5
Unarmed Combat | |  3.0

Action                     |  1- 3 |  4- 6 || total
---------------------------+-------+-------++-------
  Melee: Spear             |   114 |    76 ||   190
         Unarmed           |    10 |       ||    10
    Use: Potion            |       |     1 ||     1
         Scroll            |       |     3 ||     3
   Stab: Sleeping          |     4 |     4 ||     8
 Armour: Leather armour    |    25 |    10 ||    35
         Skin              |       |     3 ||     3
  Dodge: Dodged            |    44 |    23 ||    67
  Block: Kite shield       |    44 |    31 ||    75
